 Dungeon Crawl Stone Soup version 0.21.1-1-g345015f (webtiles) character file.

41 tidbits the Charmwright (level 3, -2/31 HPs)
             Began as a Gnoll Skald on June 26, 2018.
             Slain by a hobgoblin (3 damage)
             ... on level 1 of the Dungeon.
             The game lasted 00:02:13 (197 turns).

tidbits the Charmwright (Gnoll Skald)                Turns: 197, Time: 00:02:13

Health: -2/31      AC:  3    Str: 13    XL:     3   Next: 52%
Magic:  2/9        EV: 14    Int: 16    God:
Gold:   10         SH:  0    Dex: 14    Spells: 7/12 levels left

rFire    . . .     SeeInvis .   a - +0 hand axe
rCold    . . .     Gourm    .   (no shield)
rNeg     . . .     Faith    .   b - +0 leather armour
rPois    .         Spirit   .   (no helmet)
rElec    .         Reflect  .   (no cloak)
rCorr    .         Harm     .   (no gloves)
MR       .....                  (no boots)
Stlth    +.........             (no amulet)
HPRegen  0.10/turn              (no ring)
MPRegen  0.11/turn              (no ring)

@: singing (expiring)
A: distributed training, fangs 1, strong nose
a: no special abilities


You were on level 1 of the Dungeon.
You were not hungry.

You visited 1 branch of the dungeon, and saw 2 of its levels.

You collected 10 gold pieces.

Inventory:

Hand Weapons
 a - a +0 hand axe (weapon)
Armour
 b - a +0 leather armour (worn)
Scrolls
 e - a scroll of teleportation {unknown}
 f - 3 scrolls of remove curse {unknown}
Potions
 g - 2 potions of flight {unknown}
Books
 c - a book of Battle

   Spells                             Type                      Level
   a - Infusion                       Charms                       1
   b - Shroud of Golubria             Charms/Translocation         2
   c - Song of Slaying                Charms                       2
   d - Spectral Weapon                Hexes/Charms                 3
   e - Regeneration                   Charms/Necromancy            3
Comestibles
 d - 2 rations


   Skills:
 + Level 4.5 Fighting
 + Level 0.8 Short Blades
 + Level 0.8 Long Blades
 + Level 4.5 Axes
 + Level 0.8 Maces & Flails
 + Level 0.8 Polearms
 + Level 0.8 Staves
 + Level 0.8 Slings
 + Level 0.8 Bows
 + Level 0.8 Crossbows
 + Level 0.8 Throwing
 + Level 2.6 Armour
 + Level 4.5 Dodging
 + Level 0.8 Stealth
 + Level 0.8 Shields
 + Level 0.8 Unarmed Combat
 + Level 5.0 Spellcasting
 + Level 0.5 Conjurations
 + Level 0.5 Hexes
 + Level 5.4 Charms
 + Level 0.5 Summonings
 + Level 0.5 Necromancy
 + Level 0.5 Translocations
 + Level 0.5 Transmutations
 + Level 0.5 Fire Magic
 + Level 0.5 Ice Magic
 + Level 0.5 Air Magic
 + Level 0.5 Earth Magic
 + Level 0.5 Poison Magic
 + Level 1.0 Invocations
 + Level 0.8 Evocations


You had 7 spell levels left.
You knew the following spells:

 Your Spells              Type           Power        Failure   Level  Hunger
g - Shroud of Golubria    Chrm/Tloc      ##........   9%          2    #......
i - Infusion              Chrm           ###.         1%          1    None
y - Song of Slaying       Chrm           ###.....     3%          2    #......


Dungeon Overview and Level Annotations

Branches:
Dungeon (2/15)

Altars:


Innate Abilities, Weirdness & Mutations

Your experience applies equally to all skills.
You have very sharp teeth.
Your uncanny sense of smell can sniff out nearby items.


Message History

You start singing a song of slaying.
The rat bites you.
* * * LOW HITPOINT WARNING * * *
The adder barely misses you.
Unknown command.
Unknown command.
You hit the adder.
The adder is heavily wounded.
You hit the rat but do no damage. The rat closely misses you.
The adder misses you.
Unknown command.
You hit the rat.
You kill the rat!
You hit the adder. The adder barely misses you. The rat bites you.
* * * LOW HITPOINT WARNING * * *
The adder barely misses you.
You barely miss the rat. You bite the rat, but do no damage.
You miss the adder. The adder bites you.
* * * LOW HITPOINT WARNING * * *
The rat closely misses you.
You barely miss the rat. You hit the adder.
You kill the adder!
Your Spellcasting skill increases to level 5!
The bat hits you but does no damage. The rat barely misses you.
Unknown command.
You completely miss the rat. Your bite misses the rat. You barely miss the bat.
The bat barely misses you. The rat bites you but does no damage.
You hit the rat.
You kill the rat!
The bat misses you.
A kobold comes into view. It is wielding a dagger.
You slash the bat!
You kill the bat!
It was a potion of cancellation.
Your magical effects are unravelling.
You feel magically purged.
Your song has ended.
You hear a shout!
It was a potion of curing.
You feel better.
A kobold comes into view. It is wielding a dagger.
Found a scroll labeled WUBLIYNICS.
You see here a ration.
Unknown command.
d - 2 rations (gained 1)
Found 2 amethyst potions.
Found 11 gold pieces and a bubbling black potion.
Unknown command.
Found a stone staircase leading up.
You see here 2 amethyst potions.
g - 2 amethyst potions
Casting: Song of Slaying
Confirm with . or Enter, or press ? or * to list all spells.
You start singing a song of slaying.
The kobold hits you with a dagger.
* * * LOW HITPOINT WARNING * * *
Unknown command.
You hit the kobold but do no damage. The kobold hits you but does no damage.
You hit the kobold but do no damage. The kobold misses you.
The kobold barely misses you.
You hit the kobold but do no damage. You closely miss the kobold.
The kobold misses you. The kobold hits you but does no damage.
You completely miss the kobold. You hit the kobold.
The kobold barely misses you. The kobold hits you but does no damage.
You hit the kobold.
You kill the kobold!
You hit the kobold.
You kill the kobold!
Casting: Song of Slaying
Confirm with . or Enter, or press ? or * to list all spells.
Space distorts slightly along a thin shroud covering your body.
Items here: ) ? [ † a dagger; a chain mail; a scroll labeled WUBLIYNICS; a kobold corpse Unknown command.
You hit the worm.
The worm is moderately wounded.
The worm bites you.
* * * LOW HITPOINT WARNING * * *
Your shroud falls apart!
You slash the worm!
The worm is heavily wounded.
The worm bites you.
* * * LOW HITPOINT WARNING * * *
You hit the worm.
The worm is severely wounded.
You hit the worm.
You kill the worm!
Your Invocations skill increases to level 1!
There is a stone staircase leading up here.
You climb upwards.
A rat comes into view.
You hear a shout!
There is a stone staircase leading down here.
A hobgoblin comes into view.
A bat comes into view.
Your song is almost over.
Found a leather armour and 17 gold pieces.
You hit the hobgoblin.
The hobgoblin is almost dead.
The bat hits you.
* * * LOW HITPOINT WARNING * * *
The hobgoblin hits you.
You die...

.# ..## #
..###### #.#
+####.#...##...#
......r>#.b.[..#
+######.#....#
........@g#
+####.#.....#
..######...# .##
.... # #.$ ∆ . ∆
..


You could see a hobgoblin, a bat and a rat.

Vanquished Creatures
  2 adders (D:2)
  A worm (D:2)
  A giant cockroach (D:1)
  4 goblins
  3 ball pythons
  5 bats
  3 kobolds
  4 rats
23 creatures vanquished.

Notes
Turn   | Place    | Note
-------+----------+-------------------------------------------
     0 | D:1      | tidbits the Gnoll Skald began the quest for the Orb.
     0 | D:1      | Reached XP level 1. HP: 20/20 MP: 6/6
    55 | D:1      | Reached XP level 2. HP: 17/26 MP: 0/7
    59 | D:1      | Learned a level 2 spell: Song of Slaying
    62 | D:1      | Learned a level 2 spell: Shroud of Golubria
   147 | D:2      | Reached XP level 3. HP: 15/31 MP: 2/9
   152 | D:2      | Reached skill level 5 in Spellcasting
   184 | D:2      | HP: 1/31 [worm (6)]
   186 | D:2      | Reached skill level 1 in Invocations
   197 | D:1      | HP: 1/31 [bat (1)]
   197 | D:1      | Slain by a hobgoblin

Skill      XL: |  1  2  3 |
---------------+----------+-----
Spellcasting   | 5 |  5.0
Invocations    | 1 |  1.0
Fighting       | |  4.5
Short Blades   | |  0.8
Long Blades    | |  0.8
Axes           | |  4.5
Maces & Flails | |  0.8
Polearms       | |  0.8
Staves         | |  0.8
Slings         | |  0.8
Bows           | |  0.8
Crossbows      | |  0.8
Throwing       | |  0.8
Armour         | |  2.6
Dodging        | |  4.5
Stealth        | |  0.8
Shields        | |  0.8
Unarmed Combat | |  0.8
Conjurations   | |  0.5
Hexes          | |  0.5
Charms         | |  5.4
Summonings     | |  0.5
Necromancy     | |  0.5
Translocations | |  0.5
Transmutations | |  0.5
Fire Magic     | |  0.5
Ice Magic      | |  0.5
Air Magic      | |  0.5
Earth Magic    | |  0.5
Poison Magic   | |  0.5
Evocations     | |  0.8

Action                   || total
-------------------------++-------
Melee: Hand axe          ||    57
       Bite              ||     5
 Cast: Infusion          ||     2
       Song of Slaying   ||     4
       Shroud of Golubri ||     3
  Use: Potion            ||     2
Armor: Leather armour    ||    13
Dodge: Dodged            ||    57

Table legend:
 A = Turns spent in this place as a percentage of turns spent in the entire game.
 B = Non-inter-level travel turns spent in this place as a percentage of non-inter-level travel turns spent in the entire game.
 C = Inter-level travel turns spent in this place as a percentage of turns spent in this place.
 D = Turns resting spent in this place as a percentage of non-inter-level travel turns spent in this place.
 E = Turns spent auto-exploring this place as a percentage of non-inter-level travel turns spent in this place.
 F = Non-inter-level travel turns spent in this place divided by the number of levels of this place that you've seen.
                   A       B       C       D       E      F
               +-------+-------+-------+-------+-------+----------------------
         Total | 100.0 | 100.0 |   0.0 |   0.0 |   0.0 |  98.5
       Dungeon | 100.0 | 100.0 |   0.0 |   0.0 |   0.0 |  98.5
               +-------+-------+-------+-------+-------+----------------------

Table legend:
 A = Kills in this place as a percentage of kills in entire the game.
 B = Kills by you in this place as a percentage of kills by you in the entire game.
 C = Kills by friends in this place as a percentage of kills by friends in the entire game.
 D = Other kills in this place as a percentage of other kills in the entire game.
 E = Experience gained in this place as a percentage of experience gained in the entire game.
 F = Experience gained in this place divided by the number of levels of this place that you have seen.
                   A       B       C       D       E      F
               +-------+-------+-------+-------+-------+----------------------
         Total | 100.0 | 100.0 |   N/A |   N/A | 100.0 |  29.5
       Dungeon | 100.0 | 100.0 |   N/A |   N/A | 100.0 |  29.5
               +-------+-------+-------+-------+-------+----------------------

Vault maps used:
D:1:      wheals_arrival_shading, dk_noncrumbling_2, st_stairs_11,
          roderic_filled_cross, interstate_on_off,
          hangedman_decor_clover_reticule
D:2:      nicolae_ru_great_annihilating_truth
